AoeStats
← xMasterCheF90x

Arena

509749169Analyzed
4v4 RM · 5d ago on Sep 27, 2026· 53m 10s· 8 players
Game mode
Random Map
Map size
Large (8 player)
Population
200
Speed
Normal
Resources
Standard
Victory
Conquest
Starting age
Dark Age
Ending age
Imperial Age
RankedLock teamsTeams togetherTeam positionsShared explorationLock speedFull tech treeHidden civsTurbo modeCheats
Victory
Defeat
🇮🇹 Huns · Italy
616
+12
🇩🇪 Romans · Germany
615
+12
🇦🇺 Franks · Australia
594
+13
🇺🇸 Portuguese · United States
594
+13
🇦🇷 Britons · Argentina
643
-34
🇨🇦 Bohemians · Canada
546
-13
🇧🇬 Slavs · Bulgaria
521
-12
🇦🇷 Franks · Argentina
419
-9
Pugilist7307
10:25 Feudal Age
20:06 Castle Age
18:10 Horse Collar
18:43 Double-Bit Axe
20:32 Pikeman
27:54 Caravan
31:14 Wheelbarrow
30:35 Light Cavalry
31:58 Murder Holes
34:44 Imperial Age
32:52 Husbandry
35:30 Bloodlines
35:51 Conscription
36:49 Cavalier
37:26 Fletching
38:50 Elite Organ Gun
40:35 Chemistry
46:17 Bow Saw
xMasterCheF90x
12:37 Feudal Age
14:23 Wheelbarrow
13:32 Horse Collar
13:43 Double-Bit Axe
22:40 Castle Age
21:23 Gold Mining
21:24 Stone Mining
23:37 Bow Saw
23:47 Hand Cart
24:06 Heavy Plow
32:39 Imperial Age
30:55 Gold Shaft Mining
31:19 Ballistas
32:41 Heavy Scorpion
33:19 Town Watch
35:10 Chemistry
34:32 Ballistics
45:58 Siege Engineers
46:24 Town Patrol
GolTecnic
6:30 Loom
12:42 Feudal Age
13:36 Double-Bit Axe
14:33 Wheelbarrow
13:45 Horse Collar
14:43 Gold Mining
14:44 Stone Mining
20:20 Castle Age
18:18 Town Watch
18:55 Scale Mail Armor
18:58 Arson
21:12 Bow Saw
21:21 Hand Cart
21:10 Heavy Plow
21:49 Gold Shaft Mining
21:49 Squires
21:59 Pikeman
23:07 Chain Mail Armor
26:48 Fletching
32:02 Imperial Age
32:51 Marauders
34:47 Two-Man Saw
34:22 Conscription
33:24 Elite Tarkan
34:37 Bodkin Arrow
35:26 Husbandry
35:37 Bloodlines
35:41 Scale Barding Armor
37:40 Chain Barding Armor
39:19 Bracer
39:58 Plate Barding Armor
40:24 Bracer
46:02 Town Patrol
47:25 Caravan
47:56 Coinage
47:37 Guilds
49:45 Ballistics
50:26 Chemistry
52:23 Banking
Odin
0:28 Loom
11:46 Feudal Age
13:09 Wheelbarrow
12:21 Town Watch
12:31 Double-Bit Axe
12:47 Gold Mining
19:42 Forging
19:23 Fletching
19:33 Padded Archer Armor
19:34 Scale Mail Armor
19:39 Scale Barding Armor
24:58 Castle Age
22:47 Man-at-Arms
23:13 Arson
25:55 Hand Cart
25:41 Town Patrol
29:49 Bow Saw
29:42 Stone Mining
33:35 Husbandry
37:06 Gold Shaft Mining
37:10 Iron Casting
36:31 Bodkin Arrow
36:53 Leather Archer Armor
36:27 Gambesons
37:13 Squires
36:34 Pikeman
36:35 Long Swordsman
38:22 Fortified Wall
38:08 Murder Holes
38:39 Light Cavalry
39:01 Ordonnance Companies
41:26 Coinage
40:57 Caravan
44:55 Imperial Age
43:56 Chain Mail Armor
44:01 Chain Barding Armor
43:54 Masonry
43:24 Treadmill Crane
44:05 Ballistics
43:35 Guard Tower
43:52 Siphons
43:58 Clinker Construction
43:59 Careening
44:43 Guard Tower
46:22 Chivalry
45:43 Elite Throwing Axeman
46:59 Hoardings
46:45 Conscription
46:39 Siege Engineers
47:04 Architecture
47:35 Chemistry
46:48 Cavalier
50:17 Architecture
49:21 Paladin
50:47 Plate Mail Armor
52:04 Plate Barding Armor
52:30 Blast Furnace
Sanso8278
2:55 Loom
13:56 Feudal Age
18:21 Gold Mining
18:21 Stone Mining
18:13 Horse Collar
18:28 Double-Bit Axe
22:28 Town Watch
30:18 Man-at-Arms
31:45 Wheelbarrow
38:22 Castle Age
38:27 Forging
38:17 Scale Mail Armor
38:22 Scale Barding Armor
38:18 Padded Archer Armor
38:08 Fletching
46:24 Iron Casting
46:04 Chain Mail Armor
46:11 Chain Barding Armor
45:46 Bodkin Arrow
46:07 Leather Archer Armor
54:58 Imperial Age
HuntYouDown
1:29 Loom
11:43 Feudal Age
19:46 Castle Age
18:00 Double-Bit Axe
18:05 Horse Collar
19:43 Wheelbarrow
26:29 Hand Cart
32:40 Imperial Age
31:32 Murder Holes
31:48 Fortified Wall
32:39 Chemistry
32:13 Wagenburg Tactics
33:48 Padded Archer Armor
33:39 Fletching
33:20 Capped Ram
35:24 Conscription
36:52 Forging
36:43 Scale Mail Armor
36:43 Bodkin Arrow
37:03 Leather Archer Armor
36:39 Elite Hussite Wagon
37:42 Elite Skirmisher
38:07 Houfnice
40:25 Squires
40:11 Arson
39:47 Pikeman
41:21 Chain Mail Armor
41:42 Iron Casting
41:41 Bow Saw
41:44 Halberdier
42:49 Hussite Reforms
47:00 Plate Mail Armor
47:32 Blast Furnace
46:38 Bracer
47:08 Ring Archer Armor
48:36 Caravan
50:35 Halberdier
MultiHamps
3:13 Loom
14:40 Feudal Age
15:06 Horse Collar
15:15 Double-Bit Axe
22:25 Forging
22:25 Scale Barding Armor
26:53 Castle Age
28:17 Heavy Plow
28:31 Bow Saw
31:05 Town Watch
33:06 Fortified Wall
34:51 Iron Casting
34:37 Chain Barding Armor
41:46 Imperial Age
42:38 Pikeman
43:26 Elite Boyar
44:27 Halberdier
Santi el Rey
1:17 Loom
12:47 Feudal Age
14:11 Town Watch
15:24 Stone Mining
20:39 Double-Bit Axe
22:22 Wheelbarrow
22:11 Scale Mail Armor
22:12 Padded Archer Armor
24:19 Arson
23:55 Man-at-Arms
24:49 Fletching
25:00 Padded Archer Armor
27:24 Padded Archer Armor
27:35 Forging
33:16 Castle Age
32:45 Gold Mining
37:37 Husbandry
39:07 Crossbowman
39:10 Ordonnance Companies
41:34 Scale Barding Armor
41:44 Chain Mail Armor
41:45 Leather Archer Armor
53:34 Gold Shaft Mining
Connection lost

Rejoining the realm…

Still unreachable

The connection could not be restored.

Session expired

The server has moved on; the page needs a fresh start.